 Dungeon Crawl Stone Soup version 0.30-a0-808-g6e0788376e (webtiles) character file.

Game seed: 17184915587457840020

103 Demosthentine the Poker (level 4, -2/34 HPs)
             Began as a Demonspawn Gladiator on Feb 26, 2023.
             Slain by a gnoll
             ... wielding a +1 halberd of protection
              (7 damage)
             ... on level 3 of the Dungeon.
             The game lasted 00:01:37 (1374 turns).

Demosthentine the Poker (Demonspawn Gladiator)      Turns: 1374, Time: 00:01:38

Health: -2/34      AC:  4    Str: 15    XL:     4   Next: 51%
Magic:  4/4        EV: 13    Int: 11    God:
Gold:   77         SH:  4    Dex: 16    Spells: 3/3 levels left

rFire   . . .      SeeInvis .    f - +5 scythe "Finisher" {speed, eviscerate}
rCold   . . .      Faith    .    (shield currently unavailable)
rNeg    . . .      Spirit   .    b - +0 leather armour
rPois   .          Reflect  .    c - +0 helmet
rElec   .          Harm     .    (no cloak)
rCorr   .          Rampage  .    (no gloves)
Will    .....                    (no boots)
Stlth   +                        (no amulet)
HPRegen 0.25/turn                (no ring)
MPRegen 0.09/turn                (no ring)

@: no status effects
A: big brain 1, condensation shield
a: no special abilities


You were on level 3 of the Dungeon.
You visited 1 branch of the dungeon, and saw 3 of its levels.

You collected 77 gold pieces.

Inventory:

Hand Weapons
 a - a +0 trident
 f - the +5 scythe "Finisher" (weapon) {speed, eviscerate}
   (You acquired it on level 2 of the Dungeon)
Missiles
 d - 2 throwing nets (quivered)
 e - a javelin
Armour
 b - a +0 leather armour (worn)
 c - a +0 helmet (worn)
Jewellery
 g - a ring of magical power
Wands
 h - a wand of quicksilver (9)
Scrolls
 j - a scroll of magic mapping {unknown}
Potions
 i - a potion of might {unknown}
 l - a potion of attraction


   Skills:
 + Level 2.9 Fighting
 + Level 3.3 Polearms
 - Level 1.7 Throwing
 + Level 1.6 Armour
 + Level 3.3 Dodging


You had 3 spell levels left.
You didn't know any spells.
Your spell library was empty.

Dungeon Overview and Level Annotations

Branches:
Dungeon (3/15)

Altars:


Innate Abilities, Weirdness & Mutations

You have an unusually large brain. (Int +2)
A meltable shield of frost defends you. (SH +4)


Message History

You reach to attack!
You closely miss the gnoll. The gnoll closely misses you.
You block the gnoll's attack.
Unknown command.
Reach: f) +5 scythe "Finisher" {speed, eviscerate}
Press: ? - help, Dir - move target, f/p - gnoll
Aim: a gnoll, wielding a +1 halberd of protection (about 35% to evade the +5 scythe "Finisher")
You reach to attack!
You slash the gnoll!
The gnoll is heavily wounded.
The gnoll closely misses you.
Unknown command.
Reach: f) +5 scythe "Finisher" {speed, eviscerate}
Press: ? - help, Dir - move target, f/p - gnoll
Aim: a gnoll, wielding a +1 halberd of protection (heavily wounded, about 35% to evade the +5 scythe "Finisher")
You reach to attack!
You barely miss the gnoll.
The gnoll is heavily wounded.
The gnoll barely misses you.
Unknown command.
Reach: f) +5 scythe "Finisher" {speed, eviscerate}
Press: ? - help, Dir - move target, f/p - gnoll
Aim: a gnoll, wielding a +1 halberd of protection (heavily wounded, about 35% to evade the +5 scythe "Finisher")
You reach to attack!
You hit the gnoll.
The gnoll is severely wounded.
You block the gnoll's attack.
Unknown command.
Reach: f) +5 scythe "Finisher" {speed, eviscerate}
Press: ? - help, Dir - move target, f/p - gnoll
Aim: a gnoll, wielding a +1 halberd of protection (severely wounded, about 35% to evade the +5 scythe "Finisher")
You reach to attack!
You barely miss the gnoll.
The gnoll is severely wounded.
The gnoll hits you from afar with a +1 halberd of protection!
* * * LOW HITPOINT WARNING * * *
Unknown command.
Reach: f) +5 scythe "Finisher" {speed, eviscerate}
Press: ? - help, Dir - move target, f/p - gnoll
Aim: a gnoll, wielding a +1 halberd of protection (severely wounded, about 35% to evade the +5 scythe "Finisher")
You reach to attack!
You barely miss the gnoll.
The gnoll is severely wounded.
The gnoll barely misses you.
The gnoll hits you from afar with a +1 halberd of protection!
You die...

~~~.~~~~
.~~~~.#
......#
#.....#
#....$#
#)g...#
#.....#
#)@...##
#......#
#......#
###.####
##.# #..#
###..#####.
#..........
#....######


You could see a gnoll.

Vanquished Creatures
  An orc wizard (D:3)
  2 gnolls (D:3)
  An adder (D:2)
  A dart slug (D:2)
  A worm (D:2)
  3 orcs (D:3)
  8 endoplasms
  2 giant cockroaches (D:2)
  2 goblins (D:2)
  5 hobgoblins (D:1)
  3 ball pythons
  5 bats
  3 frilled lizards
  4 kobolds
  A rat (D:2)
42 creatures vanquished.

Notes
Turn   | Place    | Note
-------+----------+-------------------------------------------
     0 | D:1      | Demosthentine the Demonspawn Gladiator began the quest for
                  | the Orb.
     0 | D:1      | Reached XP level 1. HP: 16/16 MP: 1/1
   126 | D:1      | Gained mutation: A meltable shield of frost defends you.
                  | (SH +4) [demonic ancestry]
   126 | D:1      | Reached XP level 2. HP: 12/22 MP: 2/2
   332 | D:1      | Found a faded altar of an unknown god.
   874 | D:2      | Reached skill level 1 in Armour
   894 | D:2      | Gained mutation: You have an unusually large brain. (Int
                  | +2) [demonic ancestry]
   894 | D:2      | Reached XP level 3. HP: 28/28 MP: 3/3
  1130 | D:2      | Identified a scroll of acquirement
  1130 | D:2      | Acquired the +5 scythe "Finisher" {speed, eviscerate}
  1130 | D:2      | Found the +5 scythe "Finisher" {speed, eviscerate}
  1309 | D:3      | Reached XP level 4. HP: 34/34 MP: 4/4
  1374 | D:3      | Slain by a gnoll

Illustrated notes

Levels and vault maps discovered:
D:1:      psy_arrival_terrarium, layout_rooms, serial_aquarium,
          aquarium_bridge_square [aquarium_subvault_wall,
          aquarium_subvault_wall, aquarium_subvault_bridge,
          aquarium_subvault_wall], aquarium_window_fake, aquarium_window_fake,
          aquarium_window_corner, aquarium_window_fake, aquarium_view_2b,
          aquarium_view_2d, aquarium_balcony_5b, aquarium_pool_S,
          dreamdust_ecumenical_altar_statues
D:2:      layout_basic, minivault_19, minmay_tiny_reverse_x
D:3:      layout_rooms, chequers_serial_rivers_large_a

Skill      XL: |  1  2 |
---------------+-------+-----
Polearms       | 3 |  3.3
Dodging        | 3 |  3.3
Armour         | 1 |  1.6
Fighting       | |  2.9
Throwing       | |  1.7

Action                     |  1- 3 |  4- 6 || total
---------------------------+-------+-------++-------
  Melee: Trident           |    96 |       ||    96
         Scythe            |     8 |    25 ||    33
  Throw: Throwing net      |     1 |       ||     1
    Use: Scroll            |     6 |       ||     6
   Stab: Sleeping          |     1 |       ||     1
 Armour: Leather armour    |    18 |     1 ||    19
  Dodge: Dodged            |    43 |    16 ||    59
  Block: Other             |     5 |     4 ||     9

Table legend: (Time is in decaauts)
 A = Elapsed time spent in this place.
 B = Non-inter-level travel time spent in this place.
 C = Inter-level travel time spent in this place.
 D = Time resting spent in this place.
 E = Time spent auto-exploring this place.
 F = Levels seen in this place.
 G = Mean time per level.
                   A        B        C        D        E       F      G
               +--------+--------+--------+--------+--------+-----+--------+
         Total |   1394 |   1319 |     75 |    200 |    838 |   3 |  464.7 |
       Dungeon |   1394 |   1319 |     75 |    200 |    838 |   3 |  464.7 |
               +--------+--------+--------+--------+--------+-----+--------+

Top non-repeatable levels by time:
     D:1: 727 daAuts
     D:2: 574 daAuts
     D:3: 91 daAuts
